 Dungeon Crawl Stone Soup version 0.21-a0-95-g06f091e (webtiles) character file.

6 4thArraOfDagon the Vexing (level 1, -1/13 HPs)
             Began as a Demonspawn Enchanter on July 4, 2017.
             Slain by an adder (5 damage)
             ... on level 3 of the Dungeon.
             The game lasted 00:01:01 (199 turns).

4thArraOfDagon the Vexing (Demonspawn Enchanter)     Turns: 199, Time: 00:01:02

Health: -1/13      AC:  2    Str:  8    XL:     1   Next: 75%
Magic:  2/3        EV: 12    Int: 16    God:
Gold:   11         SH:  0    Dex: 13    Spells: 3/4 levels left

rFire    . . .     SeeInvis .   a - +1 dagger
rCold    . . .     Gourm    .   (no shield)
rNeg     . . .     Faith    .   b - +0 robe
rPois    .         Spirit   .   (no helmet)
rElec    .         Reflect  .   (no cloak)
rCorr    .         Harm     .   (no gloves)
MR       .....                  (no boots)
Stlth    ++........             (no amulet)
HPRegen  0.04/turn              (no ring)
MPRegen  0.08/turn              (no ring)

@: no status effects
A: no striking features
a: no special abilities


You were on level 3 of the Dungeon.
You were not hungry.

You visited 1 branch of the dungeon, and saw 3 of its levels.

You collected 11 gold pieces.

Inventory:

Hand Weapons
 a - a +1 dagger (weapon)
Armour
 b - a +0 robe (worn)
Books
 c - a book of Maledictions

   Spells                             Type                      Level
   a - Corona                         Hexes                        1
   b - Ensorcelled Hibernation        Hexes/Ice                    2
   c - Confuse                        Hexes                        3
   d - Tukima's Dance                 Hexes                        3
   e - Dazzling Spray                 Conjuration/Hexes            3
Comestibles
 d - 2 bread rations


   Skills:
 - Level 0.8 Short Blades
 + Level 2.0 Dodging
 - Level 2.6 Stealth
 + Level 0.8 Unarmed Combat
 - Level 2.0 Spellcasting
 - Level 3.0 Hexes


You had 3 spell levels left.
You knew the following spells:

 Your Spells              Type           Power        Failure   Level  Hunger
a - Corona                Hex            ##.....      6%          1    #......


Dungeon Overview and Level Annotations

Branches:
Dungeon (3/15)

Altars:
Gozag


Message History

Aiming: Corona
Press: ? - help, Shift-Dir - straight line, f - adder
Aim: an adder (chance to defeat MR: 55%)
The adder struggles to resist.
You aren't carrying any potions.
Okay, then.
You hit the adder but do no damage. The adder misses you.
You closely miss the adder. The adder misses you.
You hit the adder.
The adder is moderately wounded.
The adder barely misses you.
You barely miss the adder.
The adder is moderately wounded.
The adder bites you.
* * * LOW HITPOINT WARNING * * *
The adder closely misses you.
You hit the adder.
The adder is moderately wounded.
The adder bites you.
You die...

###################
...................
#.#####..........######
#.....@..............
#######S.........####
#..........#
#..........#
#.###......# ....
#......# #.#.# #......#
#.._. #......# # #.#
#.......


You could see an adder.

Vanquished Creatures
  A dart slug (D:3)
  2 giant cockroaches (D:3)
  A kobold (D:3)
4 creatures vanquished.

Notes
Turn   | Place    | Note
-------+----------+-------------------------------------------
     0 | D:1      | 4thArraOfDagon the Demonspawn Enchanter began the quest for the Orb.
     0 | D:1      | Reached XP level 1. HP: 13/13 MP: 3/3
     0 | D:1      | Noticed a large abomination
     0 | D:1      | Noticed an iron dragon
     1 | D:1      | Noticed a tentacled monstrosity
     1 | D:1      | Noticed an ice dragon
     3 | D:1      | Noticed a large abomination
     3 | D:1      | Noticed a tentacled monstrosity
     7 | D:1      | Noticed a tentacled monstrosity
     9 | D:1      | Noticed an iron dragon
    11 | D:1      | Noticed a tentacled monstrosity
    11 | D:1      | Noticed a golden dragon
    13 | D:1      | Noticed a shadow dragon
    13 | D:1      | Noticed a tentacled monstrosity
    14 | D:1      | Noticed a black draconian
    15 | D:1      | Noticed a red draconian
    15 | D:1      | Noticed a large abomination
    17 | D:1      | Noticed an iron dragon
    19 | D:1      | Noticed a tentacled monstrosity
    19 | D:1      | Noticed an orb of fire
    21 | D:1      | Noticed a shadow dragon
   188 | D:3      | Noticed an orc wizard
   190 | D:3      | Found an opulent altar of Gozag.
   199 | D:3      | Slain by an adder

Vault maps used:
D:1:      shiori_arrival_whats_in_store_for_you, hangedman_decor_lopped
D:2:      xom_teletrap_fun, first_bread, kennysheep_nondescript
D:3:      marbit_many_paths, nicolae_gozag_cash_rules_everything_around_me,
          gup_sewer_entry_bubbles

Skill      XL: |  1 |
---------------+----+-----
Dodging        | 2 |  2.0
Short Blades   | |  0.8
Stealth        | |  2.6
Unarmed Combat | |  0.8
Spellcasting   | |  2.0
Hexes          | |  3.0

Action                   || total
-------------------------++-------
Melee: Dagger            ||    26
 Cast: Corona            ||     4
Armor: Robe              ||     5
Dodge: Dodged            ||     8
